Map: Battle on the Boardwalk LE

Players

BlackStones - Winner!

  • Race: Protoss Protoss
  • League: Diamond
  • Spawn Location: 11:00

Dessa

  • Race: Zerg Zerg
  • League: Diamond
  • Spawn Location: 1:00

VOD

Have the link to the VOD?

Description

Time

  • Played on: Dec. 10, 2017, 6:07 a.m.
  • Length: 10:18
Show
View Real Time Build Order
Export as new Build Order

BlackStones Protoss - Winner!

Build Orders: Zealot Archon, Dark Templar Rush 

Get SALT Encoding   

  12  0:01  Probe  
  13  0:13  Probe  
  14  0:19  Pylon  
  14  0:25  Probe  
  15  0:40  Probe (Chrono Boost), Gateway  
  16  0:45  Assimilator  
  16  0:52  Probe (Chrono Boost)  
  18  0:58  Probe (Chrono Boost)  
  18  1:06  Probe (Chrono Boost), Assimilator  
  19  1:18  Probe (Chrono Boost)  
  20  1:20  Probe  
  21  1:28  Cybernetics Core  
  21  1:32  Probe  
  22  1:44  Probe  
  23  1:55  Nexus  
  23  2:02  Pylon  
  23  2:05  Warp Gate  
  23  2:16  Twilight Council  
  23  2:20  Probe  
  24  2:26  Adept  
  26  2:32  Probe  
  27  2:44  Probe  
  27  2:49  Robotics Facility  
  27  2:57  Dark Shrine  
  27  2:59  Probe (Chrono Boost)  
  28  3:06  Pylon  
  30  3:15  Probe (Chrono Boost)  
  30  3:16  Probe (Chrono Boost)  
  31  3:25  Probe (Chrono Boost)  
  31  3:26  Probe (Chrono Boost)  
  32  3:27  Gateway  
  32  3:30  Probe (Chrono Boost)  
  33  3:39  Gateway  
  34  3:42  Probe (Chrono Boost)  
  34  3:46  Gateway  
  35  3:48  Probe  
  35  3:51  Assimilator  
  35  4:06  Probe  
  35  4:07  Warp Prism (Chrono Boost)  
  38  4:10  Probe  
  38  4:15  Assimilator  
  39  4:24  Probe  
  39  4:25  Probe, Resonating Glaives  
  39  4:30  Dark Templar x2  
  45  4:36  Probe, Dark Templar  
  48  4:41  Dark Templar  
  48  4:42  Probe  
  52  4:54  Observer, Probe (Chrono Boost)  
  52  4:56  Probe (Chrono Boost)  
  54  5:11  Nexus  
  54  5:12  Pylon  
  54  5:30  Probe  
  53  5:55  Probe x2  
  55  6:00  Stalker x3  
  61  6:06  Pylon  
  61  6:07  Probe  
  61  6:09  Pylon  
  62  6:15  Shield Battery  
  62  6:23  Probe x2, Immortal  
  68  6:26  Archon  
  68  6:28  Dark Templar  
  68  6:30  Stalker x2  
  68  6:31  Stalker  
  68  6:32  Archon  
  76  6:45  Probe x2  
  78  6:52  Gateway  
  78  6:57  Probe, Pylon  
  78  7:01  Stalker x2  
  83  7:14  Probe  
  83  7:15  Probe  
  85  7:18  Probe  
  85  7:20  Observer (Chrono Boost)  
  87  7:22  Stalker  
  87  7:23  Stalker  
  87  7:24  Stalker x2  
  95  7:31  Observer (Chrono Boost)  
  95  7:34  Forge  
  95  7:36  Observer  
  96  7:43  Probe  
  97  7:44  Probe x2  
  99  7:53  Gateway  
  99  7:55  Probe, Gateway  
  99  7:56  Pylon  
  100  8:00  Protoss Ground Weapons Level 1  
  100  8:10  Pylon  
  100  8:11  Assimilator  
  100  8:14  Immortal  
  100  8:16  Assimilator  
  104  8:20  Pylon  
  104  8:21  Photon Cannon  
  104  8:23  Pylon  
  104  8:24  Photon Cannon  
  104  8:30  Photon Cannon  
  104  8:31  Adept  
  104  8:32  Adept x4, Photon Cannon  
  114  8:39  Probe  
  115  8:44  Charge (Chrono Boost)  
  115  8:49  Gateway  
  115  8:52  Probe x2  
  117  9:00  Observer  
  118  9:04  Adept x3  
  118  9:05  Adept x4  
  118  9:07  Templar Archives  
  132  9:18  Probe  
  133  9:37  Nexus  
  133  9:39  Pylon  
  133  9:40  Pylon  
  133  9:54  Probe  
  125  10:02  Stalker  
  125  10:03  Stalker x6  
Show
View Real Time Build Order
Export as new Build Order

Dessa Zerg 

Build Orders: Hatch First 

Get SALT Encoding   

  12  0:01  Drone  
  13  0:13  Overlord  
  13  0:18  Drone  
  14  0:31  Drone x2  
  14  0:35  Drone  
  17  0:55  Hatchery  
  16  0:57  Drone  
  16  1:01  Drone  
  18  1:14  Spawning Pool  
  18  1:18  Drone  
  18  1:21  Extractor  
  17  1:28  Drone x2  
  19  1:39  Overlord  
  19  2:02  Queen  
  19  2:04  Drone, Zergling x2  
  19  2:06  Queen  
  25  2:11  Drone  
  25  2:12  Drone  
  27  2:19  Drone  
  28  2:26  Drone  
  29  2:31  Drone  
  29  2:35  Drone  
  31  2:52  Metabolic Boost  
  31  2:54  Drone x2  
  33  3:01  Drone  
  33  3:02  Drone  
  33  3:05  Drone, Extractor  
  35  3:06  Drone  
  36  3:13  Overlord  
  36  3:18  Overlord  
  36  3:32  Drone  
  36  3:33  Drone x2  
  36  3:34  Drone x3, Queen  
  42  3:36  Queen  
  42  3:40  Roach Warren  
  45  3:42  Drone  
  45  3:44  Drone  
  47  3:48  Overlord  
  47  3:50  Overlord  
  47  3:52  Drone x2  
  47  3:55  Drone, Extractor  
  48  4:15  Evolution Chamber  
  48  4:16  Evolution Chamber  
  46  4:26  Spore Crawler  
  46  4:27  Zergling x6  
  48  4:35  Lair  
  48  4:36  Overlord  
  48  4:37  Drone x2  
  50  4:43  Pneumatized Carapace  
  50  4:46  Zerg Ground Armor Level 1, Zerg Missile Weapons Level 1  
  50  4:48  Hatchery  
  49  4:54  Drone x3  
  49  4:55  Overlord  
  49  4:56  Drone  
  49  4:57  Drone x3  
  49  4:59  Extractor  
  55  5:10  Roach x5  
  65  5:32  Spore Crawler  
  65  5:33  Overseer  
  62  5:39  Queen  
  63  5:56  Hatchery  
  62  6:25  Spine Crawler  
  62  6:27  Spine Crawler  
  62  6:28  Hatchery  
  62  6:29  Spine Crawler, Drone x3  
  62  6:30  Spine Crawler  
  60  6:38  Lair  
  60  6:48  Overlord  
  60  7:07  Roach x2  
  60  7:08  Roach  
  62  7:11  Queen  
  64  7:24  Roach x6  
  76  7:42  Roach x4  
  76  7:43  Glial Reconstitution  
  84  7:48  Drone x2  
  84  7:49  Overlord  
  86  8:06  Roach x2  
  86  8:08  Overlord x2  
  90  8:13  Roach x4  
  98  8:46  Drone x7  
  98  8:47  Drone x6  
  98  8:48  Drone  
  112  8:51  Extractor x2  
  110  8:59  Roach x2  
  114  9:03  Hydralisk Den  
  114  9:04  Drone  
  114  9:12  Overlord x4  
  114  9:32  Hydralisk x4  
  114  9:33  Hydralisk x5  
  128  9:54  Roach  
  128  9:59  Roach x5  
Tags
 
Add a new tag
Caveats
  • Supply blocks, unpowered buildings, or Contaminate may cause inaccurate times.
  • Supply counts are checked every 10 seconds.